 Dungeon Crawl Stone Soup version 0.31-a0-149-g3fdcc5976a (webtiles) character file.

Game seed: 18212053289034395607

27 qw the Shooter (level 2, -6/26 HPs)
             Began as a Minotaur Hunter on June 7, 2023.
             Mangled by Natasha (7 damage)
             ... on level 2 of the Dungeon.
             The game lasted 00:00:18 (752 turns).

qw the Shooter (Minotaur Hunter)                     Turns: 752, Time: 00:00:19

Health: -6/26      AC:  3    Str: 15    XL:     2   Next: 93%
Magic:  1/1        EV: 12    Int:  6    God:
Gold:   66         SH:  0    Dex: 13    Spells: 1/1 levels left

rFire   . . .        Y - +0 shortbow
rCold   . . .        (shield currently unavailable)
rNeg    . . .        c - +0 leather armour
rPois   .            (helmet restricted)
rElec   .            h - scarf {repulsion}
rCorr   .            (no gloves)
SInv    .            (no boots)
Will    +....        (no amulet)
Stlth   +            g - ring of willpower
HPRegen 0.24/turn    (no ring)
MPRegen 0.07/turn

%: repel missiles
@: no status effects
A: horns 2, retaliatory headbutt
a: no special abilities


You were on level 2 of the Dungeon.
You visited 1 branch of the dungeon, and saw 2 of its levels.

You collected 66 gold pieces.


Innate Abilities, Weirdness & Mutations

You have a pair of horns on your head.
You reflexively headbutt those who attack you in melee.


   Skills:
 - Level 3.0 Fighting
 + Level 5.2 Ranged Weapons
 - Level 2.1 Dodging
 - Level 0.7 Stealth


You had one spell level left.
You didn't know any spells.
Your spell library was empty.

Inventory:

Hand Weapons
 Y - a +0 shortbow (weapon)
Armour
 c - a +0 leather armour (worn)
 h - a scarf of repulsion (worn)
Jewellery
 d - a ring of fire
 g - a ring of willpower (left hand)
Potions
 f - a potion of haste {unknown}
 i - a potion of might {unknown}

Dungeon Overview and Level Annotations

Branches:
Dungeon (2/15)

Altars:

Annotations:
D:2 Natasha


Message History

The bat hits you but does no damage.
You shoot an arrow. The arrow hits the bat.
You kill the bat!
Natasha, Servant of Life and Death comes into view.
Found 9 stones.
You shoot an arrow. The arrow hits Natasha.
Natasha hisses angrily.
Natasha is moderately wounded.
You shoot an arrow. The arrow hits Natasha.
Natasha is moderately wounded.
You shoot an arrow. The arrow hits Natasha.
Natasha is heavily wounded.
You shoot an arrow. The arrow hits Natasha.
Natasha is almost dead.
Natasha drinks a potion.
Natasha is healed!
You shoot an arrow. The arrow barely misses Natasha.
You shoot an arrow. The arrow barely misses Natasha.
Natasha completely misses you.
You shoot an arrow. The arrow closely misses Natasha.
Natasha closely misses you. x2
You shoot an arrow.
The arrow hits Natasha but does no damage.
Natasha claws you.
You shoot an arrow. The arrow closely misses Natasha.
Natasha misses you.
You shoot an arrow. The arrow barely misses Natasha.
Natasha claws you.
You shoot an arrow. The arrow hits Natasha.
Natasha is lightly wounded.
Natasha stares at you and mumbles some strange words.
The magic dart hits you.
You shoot an arrow. The arrow closely misses Natasha.
Natasha claws you.
You shoot an arrow.
The arrow hits Natasha but does no damage.
Natasha is lightly wounded.
Natasha barely misses you. Natasha claws you!
You shoot an arrow. The arrow closely misses Natasha.
Natasha claws you!
You die...

.........(
#.........
###..(......
..>........
..........
#.........
#.........
#<@h...?..
................
#######.........
##........
##......#
#######


You could see Natasha.

Vanquished Creatures
  5 ball pythons (D:1)
  An endoplasm (D:1)
  4 goblins (D:1)
  4 hobgoblins (D:1)
  A quokka (D:1)
  4 bats
  4 kobolds (D:1)
  2 rats (D:1)
25 creatures vanquished.

Notes
Turn   | Place    | Note
-------+----------+-------------------------------------------
     0 | D:1      | qw the Minotaur Hunter began the quest for the Orb.
     0 | D:1      | Reached XP level 1. HP: 18/18 MP: 0/0
     0 | D:1      | 0 ||| qw: Version: 0.2-a-117-gc6b5c8b
     0 | D:1      | 0 ||| qw: Game counter: 2679
     0 | D:1      | 0 ||| qw: Always use a shield: true
     0 | D:1      | 0 ||| qw: God list: Okawaru
     0 | D:1      | 0 ||| qw: Allow faded altars: false
     0 | D:1      | 0 ||| qw: Do Orc after D:15 true
     0 | D:1      | 0 ||| qw: Do second Lair branch before Depths: true
     0 | D:1      | 0 ||| qw: Lair rune preference: random
     0 | D:1      | 0 ||| qw: Plans: Normal
     0 | D:1      | 0 ||| PLANNING D:1-11
    88 | D:1      | Reached XP level 2. HP: 23/25 MP: 1/1
   134 | D:1      | Reached skill level 5 in Ranged Weapons
   289 | D:1      | Reached skill level 3 in Fighting
   710 | D:1      | 710 ||| UPGRADING to scarf of repulsion.
   715 | D:1      | 715 ||| UPGRADING to ring of willpower.
   716 | D:1      | 716 ||| READING scroll labelled HEPLAX KADOIF.
   717 | D:1      | 717 ||| DROPPING scroll of butterflies.
   738 | D:2      | Noticed Natasha
   751 | D:2      | HP: 1/26 [Natasha (7)]
   752 | D:2      | Mangled by Natasha

Levels and vault maps discovered:
D:1:      erik_arrival_blinker_ship, layout_loops_ring
D:2:      layout_rooms, shapermc_ecumenical_altar_totnotflames,
          nicolae_kite_square_tiling_tiny, uniq_natasha, uniq_jessica

Skill      XL: |  1  2 |
---------------+-------+-----
Ranged Weapons | 5 |  5.2
Fighting       | 3 |  3.0
Dodging        | |  2.1
Stealth        | |  0.7

Action                     || total
---------------------------++-------
   Fire: Shortbow          ||    81
    Use: Scroll            ||     1
 Armour: Leather armour    ||     5
  Dodge: Dodged            ||    16

Table legend:
 A = Non-vault XP
 B = Vault XP
 C = Vault XP percentage of total XP
 D = Non-vault monster count
 E = Vault monster count
 F = Vault count percentage of total count
                 A         B        C        D         E       F
            +---------+---------+-------+---------+---------+-------
      Total |      39 |       0 |   0.0 |      25 |       0 |   0.0
            +---------+---------+-------+---------+---------+-------
        D:1 |      37 |       0 |   0.0 |      24 |       0 |   0.0
        D:2 |       2 |       0 |   0.0 |       1 |       0 |   0.0
            +---------+---------+-------+---------+---------+-------
